 Dungeon Crawl Stone Soup version 0.29.0-4-gdea44cf6ec (webtiles) character file.

Game seed: 11602411907347894837

315 qw the Chopper (level 6, -5/38 HPs)
             Began as a Gargoyle Fighter on Sept 9, 2022.
             Slain by an ogre
             ... wielding a +0 giant club
              (15 damage)
             ... on level 4 of the Dungeon.
             The game lasted 00:01:39 (3617 turns).

qw the Chopper (Gargoyle Fighter)                   Turns: 3617, Time: 00:01:40

Health: -5/38      AC: 16    Str: 22    XL:     6   Next: 44%
Magic:  6/6        EV:  9    Int:  8    God:
Gold:   136        SH:  4    Dex:  9    Spells: 5/5 levels left

rFire   . . .      SeeInvis .   Y - +0 war axe
rCold   . . .      Faith    .   c - +0 buckler
rNeg    + + .      Spirit   .   b - +0 scale mail
rPois   inf        Reflect  .   j - +1 helmet
rElec   +          Harm     .   (no cloak)
rCorr   .          Rampage  .   h - +2 pair of gloves
Will    .....                   (no boots)
Stlth   ..........              (no amulet)
HPRegen 0.12/turn               p - ring of positive energy
MPRegen 0.10/turn               (no ring)

@: about to teleport
A: sickness immunity, AC +4, negative energy resistance 1, electricity
resistance, torment resistance 1, petrification resistance
a: no special abilities


You were on level 4 of the Dungeon.
You visited 1 branch of the dungeon, and saw 4 of its levels.

You collected 136 gold pieces.


Innate Abilities, Weirdness & Mutations

You are immune to sickness and miasma.
Your stone body is resilient. (AC +4)
You are immune to poison.
You resist negative energy. (rN+)
You are resistant to electric shocks. (rElec)
You are resistant to unholy torment.
You are immune to petrification.


   Skills:
 - Level 4.1 Fighting
 + Level 5.1 Axes
 - Level 3.2 Armour
 - Level 1.7 Dodging
 - Level 3.2 Shields


You had 5 spell levels left.
You didn't know any spells.
Your spell library was empty.

Inventory:

Hand Weapons
 o - a +0 morningstar
 Y - a +0 war axe (weapon)
Armour
 b - a +0 scale mail (worn)
 c - a +0 buckler (worn)
 h - a +2 pair of gloves (worn)
 j - a +1 helmet (worn)
Jewellery
 p - a ring of positive energy (left hand)
Scrolls
 a - a scroll of teleportation
Potions
 d - a potion of might
 e - a potion of mutation {unknown}
 f - a potion of lignification {unknown}
 g - a potion of ambrosia {unknown}
 i - a potion of curing
 k - a potion of degeneration {unknown}
 m - a potion of attraction {unknown}
 n - a potion of haste

Dungeon Overview and Level Annotations

Branches:
Dungeon (4/15)
 Temple: D:4-7

Altars:

Annotations:
D:2 1 runed translucent door, Crazy Yiuf
D:3 1 runed translucent door, qw's ghost, amateur DsCA


Message History

You slash the phantom!
The phantom is almost destroyed.
You block the phantom's attack.
You slash the phantom!
You destroy the phantom!
Your Dodging skill increases to level 1!
You closely miss the ogre.
The ogre is moderately wounded.
The ogre hits you with a +0 giant club!
You slash the ogre!
The ogre is severely wounded.
The ogre hits you with a +0 giant club.
3433 ||| READING 3 scrolls of teleportation.
As you read the scroll of teleportation, it crumbles to dust.
You feel strangely unstable. The ogre hits you but does no damage.
You hit the ogre.
The ogre is severely wounded.
You hit the ogre.
The ogre is almost dead.
Your surroundings suddenly seem different.
You start resting.
An ogre is nearby!
3606 ||| Stepping ~*~*~tactically~*~*~ (stealth).
You start resting.
An ogre is nearby!
The ogre shouts!
You closely miss the ogre.
The ogre is moderately wounded.
The ogre hits you with a +0 giant club!
You barely miss the ogre.
The ogre is moderately wounded.
The ogre hits you with a +0 giant club!
3616 ||| READING 2 scrolls of teleportation.
As you read the scroll of teleportation, it crumbles to dust.
You feel strangely unstable.
You barely miss the ogre.
The ogre is moderately wounded.
The ogre hits you with a +0 giant club!
You die...

#.....................
##..)....#.......#....
#...%)#......#.....O#.
#...#.....#.....#.....
#..#....#..O.#. ..#...
##...#...#...#...# ..#
#...#..#..#..#..# #..
##.#.#O#.#.#.#.# .#
#w##@##.##.### #. ###
#


You could see an ogre.

Vanquished Creatures
  A phantom (D:4)
  Jessica (D:3)
  An orc wizard (D:3)
  Robin (D:2)
  7 adders
  2 worms (D:2)
  3 dart slugs
  15 orcs
  5 ball pythons
  4 endoplasms
  3 giant cockroaches (D:3)
  18 goblins
  8 hobgoblins
  4 jackals (D:3)
  2 quokkas
  4 bats
  2 frilled lizards
  2 kobolds (D:1)
  5 rats
88 creatures vanquished.

Notes
Turn   | Place    | Note
-------+----------+-------------------------------------------
     0 | D:1      | qw the Gargoyle Fighter began the quest for the Orb.
     0 | D:1      | Reached XP level 1. HP: 14/14 MP: 1/1
     0 | D:1      | 0 ||| qw: Version: 0.1-a-113-g051387a
     0 | D:1      | 0 ||| qw: Game counter: 7180
     0 | D:1      | 0 ||| qw: Always use a shield: true
     0 | D:1      | 0 ||| qw: God list: Okawaru
     0 | D:1      | 0 ||| qw: Allow faded altars: false
     0 | D:1      | 0 ||| qw: Do Orc after D:15 true
     0 | D:1      | 0 ||| qw: Do second Lair branch before Depths: true
     0 | D:1      | 0 ||| qw: Lair rune preference: random
     0 | D:1      | 0 ||| qw: Plans: Normal, Zot, God:TSO, Crypt, Tomb, Zig,
                  | Orb
     0 | D:1      | 0 ||| PLANNING D:1-11
     1 | D:1      | Noticed an electric eel
    31 | D:1      | Reached skill level 2 in Axes
    42 | D:1      | 42 ||| Stepping ~*~*~tactically~*~*~ (stealth).
    53 | D:1      | 53 ||| Stepping ~*~*~tactically~*~*~ (stealth).
    56 | D:1      | 56 ||| Stepping ~*~*~tactically~*~*~ (stealth).
    57 | D:1      | 57 ||| Stepping ~*~*~tactically~*~*~ (stealth).
   114 | D:1      | Reached XP level 2. HP: 18/19 MP: 2/2
   555 | D:1      | Reached skill level 3 in Axes
   653 | D:1      | 653 ||| UPGRADING to +2 pair of gloves.
   658 | D:1      | 658 ||| READING 2 scrolls labelled ARAIVU RUOCEJOLO.
   724 | D:2      | Reached XP level 3. HP: 21/23 MP: 3/3
   870 | D:2      | 870 ||| Stepping ~*~*~tactically~*~*~ (stealth).
   872 | D:2      | 872 ||| Stepping ~*~*~tactically~*~*~ (stealth).
   898 | D:2      | 898 ||| FLEEEEING.
   912 | D:2      | 912 ||| FLEEEEING.
   919 | D:2      | 919 ||| STAIRDANCE
   948 | D:1      | 948 ||| READING 2 scrolls labelled KITIFU OPACE.
   949 | D:1      | 949 ||| READING scroll labelled KELE QOARHIJORPH.
   950 | D:1      | 950 ||| DROPPING scroll of immolation.
   976 | D:2      | 976 ||| Stepping ~*~*~tactically~*~*~ (hiding).
   977 | D:2      | 977 ||| Stepping ~*~*~tactically~*~*~ (hiding).
  1279 | D:2      | 1279 ||| Stepping ~*~*~tactically~*~*~ (stealth).
  1280 | D:2      | 1280 ||| Stepping ~*~*~tactically~*~*~ (stealth).
  1281 | D:2      | 1281 ||| Stepping ~*~*~tactically~*~*~ (stealth).
  1283 | D:2      | 1283 ||| Stepping ~*~*~tactically~*~*~ (stealth).
  1287 | D:2      | 1287 ||| Stepping ~*~*~tactically~*~*~ (stealth).
  1297 | D:2      | Noticed Robin
  1298 | D:2      | 1298 ||| Stepping ~*~*~tactically~*~*~ (hiding).
  1299 | D:2      | 1299 ||| Stepping ~*~*~tactically~*~*~ (hiding).
  1302 | D:2      | Reached XP level 4. HP: 28/28 MP: 4/4
  1315 | D:2      | Killed Robin
  1316 | D:2      | Reached skill level 4 in Axes
  1676 | D:2      | You fall into a shaft and drop 2 floors!
  1680 | D:4      | 1680 ||| Stepping ~*~*~tactically~*~*~ (hiding).
  1725 | D:4      | Reached XP level 5. HP: 16/32 MP: 5/5
  1952 | D:4      | 1952 ||| UPGRADING to +1 helmet.
  1957 | D:4      | 1957 ||| READING scroll labelled FECEXE YLEPS.
  2057 | D:4      | 2057 ||| DRINKING 2 purple potions.
  2082 | D:3      | 2082 ||| Stepping ~*~*~tactically~*~*~ (stealth).
  2164 | D:3      | 2164 ||| DROPPING +0 whip.
  2166 | D:3      | Found a runed translucent door.
  2167 | D:3      | 2167 ||| READING scroll labelled FUERCH IBIA.
  2168 | D:3      | 2168 ||| DRINKING 2 inky potions.
  2189 | D:2      | Found a runed translucent door.
  2190 | D:2      | Noticed Crazy Yiuf
  2233 | D:2      | Found a faded altar of an unknown god.
  2523 | D:3      | Noticed qw's ghost (amateur DsCA)
  2545 | D:3      | 2545 ||| Stepping ~*~*~tactically~*~*~ (stealth).
  2593 | D:3      | 2593 ||| Stepping ~*~*~tactically~*~*~ (stealth).
  2625 | D:3      | 2625 ||| Stepping ~*~*~tactically~*~*~ (stealth).
  2710 | D:3      | Noticed Jessica
  2713 | D:3      | 2713 ||| Stepping ~*~*~tactically~*~*~ (hiding).
  2720 | D:3      | Killed Jessica
  2721 | D:3      | Reached skill level 5 in Axes
  3028 | D:3      | 3028 ||| Stepping ~*~*~tactically~*~*~ (stealth).
  3067 | D:3      | 3067 ||| Stepping ~*~*~tactically~*~*~ (stealth).
  3069 | D:3      | 3069 ||| Stepping ~*~*~tactically~*~*~ (hiding).
  3085 | D:3      | Reached XP level 6. HP: 38/38 MP: 6/6
  3118 | D:3      | 3118 ||| Stepping ~*~*~tactically~*~*~ (stealth).
  3358 | D:3      | 3358 ||| UPGRADING to ring of positive energy.
  3359 | D:3      | 3359 ||| READING scroll labelled HIXKAN ISKYETE.
  3423 | D:4      | 3423 ||| Stepping ~*~*~tactically~*~*~ (stealth).
  3427 | D:4      | Reached skill level 1 in Dodging
  3432 | D:4      | HP: 8/38 [ogre/+0 giant club (6)]
  3433 | D:4      | 3433 ||| READING 3 scrolls of teleportation.
  3606 | D:4      | 3606 ||| Stepping ~*~*~tactically~*~*~ (stealth).
  3615 | D:4      | HP: 9/38 [ogre/+0 giant club (13)]
  3616 | D:4      | 3616 ||| READING 2 scrolls of teleportation.
  3617 | D:4      | Slain by an ogre

Levels and vault maps discovered:
D:1:      arrival_aquarium_a, layout_rooms
D:2:      minmay_wonky_spiral, layout_basic, basic_ecumenical_altar, uniq_robin,
          uniq_crazy_yiuf_cottage
D:3:      layout_basic, ebering_ghost_sewer_d, uniq_jessica
D:4:      layout_basic, nicolae_gozag_seed_capital, minitemple,
          minmay_increasing_density

Skill      XL: |  1  2  3  4  5  6 |
---------------+-------------------+-----
Axes           | 2 3 4 5 |  5.1
Fighting       | 4 |  4.1
Dodging        | 1 |  1.7
Armour         | |  3.2
Shields        | |  3.2

Action                   |  1- 3 |  4- 6 || total
-------------------------+-------+-------++-------
Melee: War axe           |    92 |   181 ||   273
  Use: Scroll            |     3 |     5 ||     8
       Potion            |       |     2 ||     2
 Stab: Distracted        |       |     1 ||     1
Armor: Scale mail        |    46 |   105 ||   151
Dodge: Dodged            |    38 |    74 ||   112
Block: Buckler           |     9 |    33 ||    42

Table legend:
 A = Non-vault XP
 B = Vault XP
 C = Vault XP percentage of total XP
 D = Non-vault monster count
 E = Vault monster count
 F = Vault count percentage of total count
                 A         B        C        D         E       F
            +---------+---------+-------+---------+---------+-------
      Total |     258 |     193 |  42.8 |      68 |      20 |  22.7
            +---------+---------+-------+---------+---------+-------
        D:1 |      31 |       0 |   0.0 |      17 |       0 |   0.0
        D:2 |      92 |      37 |  28.7 |      16 |      13 |  44.8
        D:3 |     118 |      37 |  23.9 |      29 |       1 |   3.3
        D:4 |      17 |     119 |  87.5 |       6 |       6 |  50.0
            +---------+---------+-------+---------+---------+-------
